 Dungeon Crawl Stone Soup version 0.27-a0-1219-g958d993ae5 (webtiles) character file.

Game seed: 9708920284648025601

504 patchburns1 the Skirmisher (level 7, -1/61 HPs)
             Began as a Hill Orc Fighter on June 7, 2021.
             Slain by an ogre
             ... wielding a +0 giant club
              (26 damage)
             ... on level 4 of the Dungeon.
             The game lasted 00:17:15 (4979 turns).

patchburns1 the Skirmisher (Hill Orc Fighter)       Turns: 4979, Time: 00:17:16

Health: -1/61      AC:  9    Str: 19    XL:     7   Next: 17%
Magic:  9/9        EV:  7    Int: 10    God:
Gold:   222        SH:  9    Dex: 10    Spells: 6/6 levels left

rFire    . . .     SeeInvis .   a - +0 war axe
rCold    . . .     Faith    .   c - +0 kite shield
rNeg     . . .     Spirit   .   u - +1 scale mail {rPois}
rPois    +         Reflect  .   (no helmet)
rElec    .         Harm     .   o - +0 cloak
rCorr    .         Rampage  .   (no gloves)
Will     .....                  (no boots)
Stlth    ..........             n - amulet of magic regeneration
HPRegen  0.20/turn              (no ring)
MPRegen  0.36/turn              (no ring)

@: no status effects
A: no striking features
a: no special abilities


You were on level 4 of the Dungeon.
You visited 1 branch of the dungeon, and saw 4 of its levels.

You collected 222 gold pieces.

Inventory:

Hand Weapons
 a - a +0 war axe (weapon)
Missiles
 i - 70 arrows
 l - 117 stones
 p - 5 sling bullets
 q - 30 bolts
 v - 4 javelins (quivered)
Armour
 c - a +0 kite shield (worn)
 o - a +0 cloak (worn)
 u - a +1 scale mail of poison resistance (worn)
 w - the +1 leather armour of the Dwarven Hall {Rampage rCorr Int-3 Dex+5}
   (You found it on level 4 of the Dungeon)

   It affects your intelligence (-3).
   It affects your dexterity (+5).
   It protects you from acid and corrosion.
   It bestows one free step when moving towards enemies.
Jewellery
 n - an amulet of magic regeneration (around neck)
Wands
 r - a wand of charming (6)
Scrolls
 e - 2 scrolls of enchant armour {unknown}
 h - a scroll of amnesia
 j - 4 scrolls of teleportation
 t - 2 scrolls of identify {unknown}
Potions
 b - a potion of curing {unknown}
 d - a potion of might
 f - a potion of mutation {unknown}
 g - a potion of flight {unknown}
 k - 3 potions of resistance {unknown}
 m - a potion of magic {unknown}
 s - 3 potions of brilliance {unknown}


   Skills:
 * Level 5.4 Fighting
 + Level 4.0 Axes
 + Level 4.2 Armour
 + Level 1.4 Dodging
 + Level 1.7 Stealth
 + Level 4.1 Shields
 * Level 3.7 Invocations
 + Level 1.9 Evocations


You had 6 spell levels left.
You didn't know any spells.
Your spell library contained the following spells:

 Spells                   Type           Power      Damage    Failure   Level
 Animate Skeleton         Necr           0%         N/A       99%         1
 Beastly Appendage        Tmut           0%         N/A       99%         1
 Pain                     Necr           0%         1d4       99%         1
 Wereblood                Tmut           0%         N/A       100%        2
 Spider Form              Tmut/Pois      0%         N/A       100%        3
 Vampiric Draining        Necr           0%         2d6       100%        3
 Animate Dead             Necr           0%         N/A       100%        4
 Ice Form                 Ice/Tmut       0%         N/A       100%        4
 Agony                    Necr           0%         N/A       100%        5
 Hydra Form               Tmut           0%         N/A       100%        5


Dungeon Overview and Level Annotations

Branches:
Dungeon (4/15)
 Temple: D:4-7

Altars:
Ashenzari
Fedhas
The Shining One


Message History

You climb upwards.
There is a stone staircase leading down here.
You start resting.
HP restored.
Things that are here:
a +0 flail; a +0 mace
There is a stone staircase leading down here.
You climb downwards.
There is a stone staircase leading up here.
The ogre shouts!
You hear a shout!
Throw: 118 stones
Press: ? - help, Q - select action, (/) - cycle Shift-Dir - straight line, f - ogre
Aim: an ogre, wielding a +0 giant club (73% to hit)
You throw a stone. The stone hits the ogre.
The ogre is lightly wounded.
Throw: 6 javelins
Press: ? - help, Q - select action, (/) - cycle Shift-Dir - straight line, f/p - ogre
Aim: an ogre, wielding a +0 giant club (lightly wounded, 73% to hit)
You throw a javelin. The javelin barely misses the ogre.
Throw: 5 javelins
Press: ? - help, Q - select action, (/) - cycle Shift-Dir - straight line, f - orc, p - ogre
Aim: an orc, wielding a +0 short sword and quivering boomerangs (wandering, hasn't noticed you, 57% to hit)
You throw a javelin. The orc shouts!
The javelin pierces through the ogre!
The ogre is moderately wounded.
The javelin pierces through the orc.
The orc is lightly wounded.
The ogre hits you with a +0 giant club.
You hit the ogre.
The ogre is heavily wounded.
The ogre hits you with a +0 giant club!!
The orc shouts!
You hit the ogre.
The ogre is heavily wounded.
The ogre hits you with a +0 giant club!
You hit the ogre.
The ogre is severely wounded.
The ogre hits you with a +0 giant club!!
You die...

### #<# #.# ###### #.# #....# ##
#.###.##.# ######. #.....##'##
########
.......#########@...######.......
...........(.ooO.............####
........#..o..#...[..........#...
.........(<..................#...
........#.##.................#...
.................................
..........#####..................
......o...................#......
.......o.......#.#####........###


You could see an ogre and 3 orcs.

Vanquished Creatures
  Grinder (D:3)
  A hound (D:2)
  A jelly (D:3)
  Jessica (D:2)
  Terence (D:3)
  3 orc wizards
  3 adders
  A worm (D:3)
  2 dart slugs (D:1)
  7 orcs
  2 ball pythons
  2 endoplasms (D:4)
  4 giant cockroaches
  10 goblins
  11 hobgoblins
  7 jackals (D:3)
  A quokka (D:1)
  3 bats
  A frilled lizard (D:2)
  8 kobolds
  8 rats
78 creatures vanquished.

Vanquished Creatures (others)
  9 plants (D:3)
9 creatures vanquished.

Grand Total: 87 creatures vanquished

Notes
Turn   | Place    | Note
-------+----------+-------------------------------------------
     0 | D:1      | patchburns1 the Hill Orc Fighter began the quest for the
                  | Orb.
     0 | D:1      | Reached XP level 1. HP: 19/19 MP: 1/1
   285 | D:1      | Reached XP level 2. HP: 20/27 MP: 2/2
   526 | D:1      | Found a faded altar of an unknown god.
   574 | D:1      | Reached skill level 4 in Fighting
   771 | D:2      | Reached skill level 1 in Invocations
   771 | D:2      | Reached XP level 3. HP: 32/33 MP: 3/3
   926 | D:2      | Reached XP level 4. HP: 29/40 MP: 3/5
  1034 | D:2      | Noticed Jessica
  1041 | D:2      | Killed Jessica
  1485 | D:3      | Noticed Grinder
  1491 | D:3      | Paralysed by Grinder for 5 turns
  1883 | D:3      | Reached XP level 5. HP: 27/47 MP: 6/6
  2033 | D:3      | Paralysed by Grinder for 5 turns
  2040 | D:3      | Killed Grinder
  2041 | D:3      | Reached skill level 5 in Fighting
  2041 | D:3      | Reached skill level 1 in Dodging
  2041 | D:3      | Reached skill level 1 in Stealth
  2041 | D:3      | Reached skill level 1 in Evocations
  2041 | D:3      | Reached XP level 6. HP: 50/56 MP: 6/8
  2771 | D:3      | Noticed Terence
  2784 | D:3      | Killed Terence
  3077 | D:3      | Reached XP level 7. HP: 61/61 MP: 9/9
  3727 | D:4      | Found a glowing golden altar of the Shining One.
  3727 | D:4      | Found a broken altar of Ashenzari.
  3844 | D:4      | Found a blossoming altar of Fedhas.
  4159 | D:4      | Identified the +1 leather armour of the Dwarven Hall
                  | {Rampage rCorr Int-3 Dex+5}
  4979 | D:4      | Slain by an ogre

Illustrated notes

Levels and vault maps discovered:
D:1:      lightli_iron_boxes, layout_basic, shapermc_ecumenical_altar_hornbeckon
D:2:      layout_rooms, feat_on_display, uniq_jessica
D:3:      wad_lake_hut, layout_basic, uniq_terence, uniq_grinder
D:4:      layout_basic, lemuel_round_altar, amcnicky_altar_gilded,
          gammafunk_temple_overflow_pools, st_stairs_5, uniq_edmund

Skill      XL: |  1  2  3  4  5  6  7 |
---------------+----------------------+-----
Fighting       | 4 5 |  5.4
Axes           | 3 4 |  4.0
Invocations    | 1 2 3 |  3.7
Armour         | 4 |  4.2
Dodging        | 1 |  1.4
Stealth        | 1 |  1.7
Shields        | 4 |  4.1
Evocations     | 1 |  1.9

Action                   |  1- 3 |  4- 6 |  7- 9 || total
-------------------------+-------+-------+-------++-------
Melee: War axe           |    68 |   179 |    46 ||   293
Throw: Stone             |     2 |     6 |     1 ||     9
       Javelin           |       |       |     2 ||     2
  Use: Scroll            |       |     2 |       ||     2
Armor: Scale mail        |    27 |    17 |    25 ||    69
       Chain mail        |       |    99 |       ||    99
Dodge: Dodged            |    25 |    51 |    12 ||    88
Block: Kite shield       |    40 |    95 |    19 ||   154

Table legend: (Time is in decaauts)
 A = Elapsed time spent in this place.
 B = Non-inter-level travel time spent in this place.
 C = Inter-level travel time spent in this place.
 D = Time resting spent in this place.
 E = Time spent auto-exploring this place.
 F = Levels seen in this place.
 G = Mean time per level.
                   A        B        C        D        E       F      G
               +--------+--------+--------+--------+--------+-----+--------+
         Total |   5197 |   4924 |    273 |    817 |   2793 |   4 | 1299.2 |
       Dungeon |   5197 |   4924 |    273 |    817 |   2793 |   4 | 1299.2 |
               +--------+--------+--------+--------+--------+-----+--------+

Top non-repeatable levels by time:
     D:3: 2582 daAuts
     D:2: 1164 daAuts
     D:1: 784 daAuts
     D:4: 666 daAuts
